 Dungeon Crawl Stone Soup version 0.29-a0-275-g389c0b56f3 (webtiles) character file.

Game seed: 13466895307836730631

1717 drugrobin the Cleaver (level 8, -1/100 HPs)
             Began as a Demigod Fighter on Mar 11, 2022.
             Slain by an orc warrior
             ... wielding a +0 dire flail
              (19 damage)
             ... on level 7 of the Dungeon.
             The game lasted 00:14:08 (8029 turns).

drugrobin the Cleaver (Demigod Fighter)             Turns: 8029, Time: 00:14:08

Health: -1/100     AC: 11    Str: 34    XL:     8   Next: 46%
Magic:  10/10      EV:  7    Int: 10    God:
Gold:   392        SH:  4    Dex: 13    Spells: 7/7 levels left

rFire   . . .      SeeInvis .   c - +6 whip "Cifarheu" {vorpal, *Rage rC+ Str+3}
rCold   + . .      Faith    .   u - +0 buckler
rNeg    . . .      Spirit   .   E - +0 plate armour
rPois   .          Reflect  .   (no helmet)
rElec   .          Harm     .   (no cloak)
rCorr   .          Rampage  .   (no gloves)
Will    .....      Rage     20% (no boots)
Stlth   ..........              i - amulet of the acrobat
HPRegen 0.26/turn               m - +6 ring of strength
MPRegen 0.12/turn               (no ring)

@: berserking, very quick
A: high MP 1, forlorn, divine attributes
a: no special abilities


You were on level 7 of the Dungeon.
You visited 1 branch of the dungeon, and saw 7 of its levels.
You also visited: Sewer.

You collected 392 gold pieces.

Inventory:

Hand Weapons
 a - a +0 war axe
 b - a +0 hand crossbow
 c - the +6 whip "Cifarheu" (weapon) {vorpal, *Rage rC+ Str+3}
   (You found it on level 2 of the Dungeon)

   It inflicts extra damage upon your enemies.
   Str:       It affects your strength (+3).
   rC:        It protects you from cold.
   *Rage:     It berserks you when you make melee attacks (+20% chance).
 d - a +2 whip of draining
Missiles
 e - 2 javelins (quivered)
 h - 145 stones
 D - 2 boomerangs
Armour
 k - a +0 kite shield
 u - a +0 buckler (worn)
 E - a +0 plate armour (worn)
Jewellery
 i - an amulet of the acrobat (around neck)
 m - a +6 ring of strength (left hand)
Wands
 n - a wand of flame (21)
 x - a wand of charming (4)
Scrolls
 f - 9 scrolls of identify {unknown}
 p - a scroll of summoning {unknown}
 q - 3 scrolls of blinking {unknown}
 r - a scroll of fog {unknown}
 s - 6 scrolls of amnesia {unknown}
 t - 4 scrolls of teleportation {unknown}
 A - a scroll of silence {unknown}
 B - 2 scrolls of enchant armour {unknown}
 C - a scroll of magic mapping {unknown}
Potions
 g - 6 potions of curing {unknown}
 j - a potion of heal wounds {unknown}
 l - a potion of ambrosia {unknown}
 o - 3 potions of flight
 v - 2 potions of attraction {unknown}
 w - 2 potions of mutation {unknown}
 y - 2 potions of might
 z - a potion of haste {unknown}


   Skills:
 + Level 4.9 Fighting
 * Level 9.6 Axes
 - Level 2.6 Armour
 - Level 2.6 Shields


You had 7 spell levels left.
You didn't know any spells.
Your spell library contained the following spells:

 Spells                   Type           Power      Damage    Failure   Level
 Apportation              Tloc           0%         N/A       99%         1
 Summon Small Mammal      Summ           0%         N/A       99%         1
 Call Canine Familiar     Summ           0%         N/A       100%        3
 Summon Guardian Golem    Hex/Summ       0%         N/A       100%        3
 Animate Dead             Necr           0%         N/A       100%        4
 Alistair's Intoxication  Tmut/Pois      0%         N/A       100%        5
 Haunt                    Necr/Summ      0%         N/A       100%        7
 Infestation              Necr           0%         N/A       100%        8


Dungeon Overview and Level Annotations

Branches:
Dungeon (7/15)             Temple (0/1) D:4           Sewer (visited)

Shops:
D:2 (

Annotations:
D:3 Sigmund


Innate Abilities, Weirdness & Mutations

You have an increased reservoir of magic. (+10% MP)
You shall have no god before yourself.
Your divine heritage dramatically boosts your attributes as you level up.


Message History

The orc warrior hits you with a +0 dire flail.
Press: ? - help, v - describe, . - travel
Here: an orc warrior, wielding a +0 dire flail, wearing a +0 plate armour and quivering silver boomerangs (heavily wounded)
The floor, spattered with blood.
Unknown command.
Unknown command.
You closely miss the orc warrior.
The orc warrior is heavily wounded.
The orc warrior closely misses you.
Unknown command.
Unknown command.
You barely miss the orc warrior.
The orc warrior is heavily wounded.
The orc warrior hits you with a +0 dire flail!
Unknown command.
Unknown command.
You hit the orc warrior.
The orc warrior is heavily wounded.
The orc warrior closely misses you.
The orc warrior hits you with a +0 dire flail!!
Unknown command.
You feel stronger.
c - the +6 whip "Cifarheu" (weapon)
{vorpal, *Rage rC+ Str+3} You hit the orc warrior but do no damage.
The orc warrior is heavily wounded.
The orc warrior hits you with a +0 dire flail!
* * * LOW HITPOINT WARNING * * *
A red film seems to cover your vision as you go berserk!
You feel yourself moving faster!
You feel mighty!
You completely miss the orc warrior.
The orc warrior is heavily wounded.
The orc warrior hits you with a +0 dire flail.
* * * LOW HITPOINT WARNING * * *
Unknown command.
You hit the orc warrior.
The orc warrior is severely wounded.
You hit the orc warrior.
The orc warrior is almost dead.
The orc warrior hits you with a +0 dire flail!!
You die...

#.##. #.#)
#... ...# #..
..... #.. ...#
#.# ...
.######o##.#
......)@).## #
#######....#
.#
#....)....#..#
#.####.....#
###.###
######.#
#......#
#.####..# #.#
####


You could see an orc warrior.

Vanquished Creatures
  An orc warrior (D:7)
  A sky beast (D:6)
  A black bear (D:5)
  2 ice beasts
  3 ogres
  A centaur (D:6)
  2 bullfrogs (D:4)
  3 scorpions
  3 hounds
  3 orc priests
  2 orc wizards
  An iguana (D:6)
  7 gnolls
  9 adders
  4 river rats
  2 shadow imps (D:5)
  A white imp (D:4)
  3 dart slugs
  14 orcs
  12 endoplasms
  6 giant cockroaches
  7 goblins
  5 hobgoblins
  12 jackals
  6 quokkas
  12 ball pythons
  13 bats
  9 frilled lizards
  9 kobolds
  7 rats
161 creatures vanquished.

Notes
Turn   | Place    | Note
-------+----------+-------------------------------------------
     0 | D:1      | drugrobin the Demigod Fighter began the quest for the Orb.
     0 | D:1      | Reached XP level 1. HP: 18/18 MP: 3/3
    51 | D:1      | Reached skill level 2 in Axes
   261 | D:1      | Reached XP level 2. HP: 23/25 MP: 4/4
   746 | D:2      | Reached skill level 3 in Axes
   798 | D:2      | Found Buiff's Antique Weapon Shoppe.
   983 | D:2      | Reached XP level 3. HP: 29/30 MP: 5/5
  1033 | D:2      | Identified the +6 whip "Cifarheu" {vorpal, *Rage rC+ Str+3}
  1217 | D:2      | You fall into a shaft and drop 1 floor!
  1337 | D:3      | Reached skill level 4 in Axes
  1361 | D:3      | Reached XP level 4. HP: 28/37 MP: 6/6
  1366 | D:3      | Found a glowing drain.
  1373 | Sewer    | Entered a sewer
  2378 | D:3      | Reached skill level 5 in Axes
  2405 | D:2      | Reached XP level 5. HP: 34/42 MP: 7/7
  2859 | D:3      | Noticed Sigmund
  3792 | D:4      | Noticed an ogre
  3819 | D:3      | Reached skill level 6 in Axes
  3819 | D:3      | Reached XP level 6. HP: 47/50 MP: 8/8
  4594 | D:4      | Reached skill level 7 in Axes
  5221 | D:4      | Reached XP level 7. HP: 54/54 MP: 9/9
  5827 | D:4      | Found a staircase to the Ecumenical Temple.
  5962 | D:5      | Entered Level 5 of the Dungeon
  6247 | D:5      | Reached skill level 8 in Axes
  7035 | D:6      | Reached XP level 8. HP: 55/66 MP: 10/10
  7073 | D:6      | Reached skill level 9 in Axes
  8029 | D:7      | Slain by an orc warrior

Illustrated notes

Levels and vault maps discovered:
D:1:      wander_arrival_lonely_grave, layout_loops_ring
D:2:      layout_basic, serial_shops, nicolae_shop_advertising_works
          [nicolae_subvault_shop_adworks], minmay_vboxes
D:3:      wander_river, layout_basic, mainiacjoe_overflow_catwalk_spiral,
          gup_sewer_entry_bubbles, hex_large,
          nicolae_concentric_dashed_squares_mild, uniq_sigmund
D:4:      layout_basic, mainiacjoe_overflow_surrounded_room,
          minmay_temple_entry_statues_pillars
D:5:      black_bear_nest_2, layout_loops_ring
D:6:      layout_rooms
D:7:      layout_loops_cross, lemuel_tele_altar, serial_rivers,
          chequers_serial_rivers_micro_c, chequers_serial_rivers_micro_c,
          chequers_serial_rivers_large_b, chequers_serial_rivers_micro_c,
          grunt_ministairs_9

Skill      XL: |  1  2  3  4  5  6  7  8 |
---------------+-------------------------+-----
Axes           | 2 3 4 5 6 7 8 9 |  9.6
Fighting       | 4 |  4.9
Armour         | |  2.6
Shields        | |  2.6

Action                   |  1- 3 |  4- 6 |  7- 9 || total
-------------------------+-------+-------+-------++-------
Melee: War axe           |    93 |   225 |   135 ||   453
       Whip              |    29 |    24 |     4 ||    57
 Fire: Hand crossbow     |       |    18 |       ||    18
Throw: Javelin           |       |     1 |     6 ||     7
       Boomerang         |       |     1 |     3 ||     4
Evoke: Wand              |       |       |     3 ||     3
  Use: Potion            |       |     2 |       ||     2
Armor: Scale mail        |    47 |    81 |       ||   128
       Chain mail        |       |    24 |    50 ||    74
       Plate armour      |       |       |     2 ||     2
Dodge: Dodged            |    49 |   133 |    45 ||   227
Block: Buckler           |    29 |    63 |    28 ||   120

Table legend: (Time is in decaauts)
 A = Elapsed time spent in this place.
 B = Non-inter-level travel time spent in this place.
 C = Inter-level travel time spent in this place.
 D = Time resting spent in this place.
 E = Time spent auto-exploring this place.
 F = Levels seen in this place.
 G = Mean time per level.
                   A        B        C        D        E       F      G
               +--------+--------+--------+--------+--------+-----+--------+
         Total |   8445 |   8206 |    239 |   1737 |   4635 |   8 | 1055.6 |
       Dungeon |   7289 |   7050 |    239 |   1625 |   4040 |   7 | 1041.3 |
         Sewer |   1156 |   1156 |      0 |    112 |    594 |   1 | 1156.0 |
               +--------+--------+--------+--------+--------+-----+--------+

Top non-repeatable levels by time:
     D:4: 2056 daAuts
     D:3: 1311 daAuts
   Sewer: 1156 daAuts
     D:2: 1113 daAuts
     D:5: 1072 daAuts
     D:1: 730 daAuts
     D:6: 720 daAuts
     D:7: 283 daAuts
